 Dungeon Crawl Stone Soup version 0.28-a0-476-g0f06bd746f (webtiles) character file.

Game seed: 12086740089849293642

93 robertstho the Skirmisher (level 4, -1/29 HPs)
             Began as a Tengu Berserker on Sept 16, 2021.
             Was a Believer of Trog.
             Killed from afar by Natasha (6 damage)
             ... with a puff of flame
             ... on level 2 of the Dungeon.
             The game lasted 00:01:18 (2082 turns).

robertstho the Skirmisher (Tengu Berserker)         Turns: 2082, Time: 00:01:18

Health: -1/29      AC:  2    Str: 17    XL:     4   Next: 61%
Magic:  5/5        EV: 12    Int:  9    God:    Trog [**....]
Gold:   62         SH:  0    Dex: 13    Spells: 3/3 levels left

rFire   . . .      SeeInvis .   a - +0 hand axe
rCold   . . .      Faith    .   (no shield)
rNeg    . . .      Spirit   .   b - +0 animal skin
rPois   .          Reflect  .   (helmet restricted)
rElec   .          Harm     .   (no cloak)
rCorr   .          Rampage  .   (no gloves)
Will    .....                   (boots unavailable)
Stlth   +.........              (no amulet)
HPRegen 0.09/turn               (no ring)
MPRegen 0.09/turn               (no ring)

@: on berserk cooldown, slowed, very slow
A: beak, talons 3
a: Renounce Religion, Berserk, Trog's Hand


You were on level 2 of the Dungeon.
You worshipped Trog.
Trog was pleased with you.
You visited 1 branch of the dungeon, and saw 2 of its levels.

You collected 62 gold pieces.

Inventory:

Hand Weapons
 a - a +0 hand axe (weapon)
Armour
 b - a +0 animal skin (worn)
Scrolls
 d - a scroll of fog {unknown}
 e - a scroll of identify {unknown}
Potions
 c - a potion of mutation {unknown}


   Skills:
 * Level 4.1 Fighting
 + Level 3.9 Axes
 * Level 3.0 Armour
 + Level 2.6 Dodging
 + Level 0.4 Stealth


You had 3 spell levels left.
You didn't know any spells.
Your spell library was empty.

Dungeon Overview and Level Annotations

Branches:
Dungeon (2/15)

Altars:

Annotations:
D:2 Natasha


Innate Abilities, Weirdness & Mutations

You have a beak for a mouth.
You have claws for feet.


Message History

Natasha is heavily wounded.
You barely miss the endoplasm.
Natasha stares at you and mumbles some strange words.
You feel yourself slow down. The endoplasm hits you.
You barely miss Natasha.
Natasha is heavily wounded.
You hit the endoplasm but do no damage.
You hit the crimson imp but do no damage.
Natasha stares at you and mumbles some strange words.
The magic dart hits you. The endoplasm closely misses you.
The crimson imp blinks!
Natasha casts a spell at you. The magic dart hits you.
A red film seems to cover your vision as you go berserk!
You feel yourself moving faster!
You feel mighty! The endoplasm closely misses you.
Natasha completely misses you.
The crimson imp blinks!
The endoplasm closely misses you.
You hit Natasha. You peck Natasha.
You kill Natasha!
Trog accepts your kill.
Trog appreciates your killing of a magic user.
Natasha screams in fury as she dies!
The crimson imp disappears in a puff of smoke!
You hit the endoplasm. The endoplasm freezes you.
You are frozen.
Your Armour skill increases to level 3!
You hit the endoplasm.
You kill the endoplasm!
Trog accepts your kill.
You feel a strong urge to attack something.
You feel your anger nearly subside.
You are no longer berserk.
You are exhausted.
You feel as though you will be slow longer.
Natasha, Servant of Life and Death comes into view.
She is carrying a wand of flame (18).
Natasha hisses angrily.
Natasha zaps a wand.
The puff of flame hits you!
* * * LOW HITPOINT WARNING * * *
Natasha zaps a wand.
The puff of flame hits you.
You die...

###### #...## .....#
#...# ####.# #...#
.....# #...# ##.#.#
#...# # .#.#.# #...# .#
.#.#.####...#######+#.#
'#.#.........>##......#
...#.###########@.....#
+#.#.#.........'.h....#
.#.#.###.#######......#
.#.#.....# #.##...#
##.#.##### #.# ####
...#.# #.# ##.#.# #.#
[#.#.# #.# .#.#.# #.#


You could see Natasha.

Vanquished Creatures
  Natasha (twice) (D:2)
  An adder skeleton (D:2)
  2 dart slugs
  5 endoplasms
  3 giant cockroaches (D:1)
  A goblin (D:1)
  5 hobgoblins
  4 ball pythons
  5 bats (D:1)
  A frilled lizard (D:1)
  4 kobolds
  A rat (D:1)
34 creatures vanquished.

Notes
Turn   | Place    | Note
-------+----------+-------------------------------------------
     0 | D:1      | robertstho the Tengu Berserker began the quest for the Orb.
     0 | D:1      | Reached XP level 1. HP: 14/14 MP: 2/2
   310 | D:1      | Reached XP level 2. HP: 19/19 MP: 3/3
   636 | D:1      | Found a faded altar of an unknown god.
   877 | D:1      | Reached XP level 3. HP: 13/23 MP: 4/4
  1446 | D:2      | Reached ** piety under Trog
  1691 | D:2      | Noticed Natasha
  1699 | D:2      | Killed Natasha
  1700 | D:2      | Reached skill level 4 in Fighting
  1700 | D:2      | Reached XP level 4. HP: 6/29 MP: 5/5
  2056 | D:2      | Noticed Natasha
  2064 | D:2      | Killed Natasha
  2079 | D:2      | Noticed Natasha
  2082 | D:2      | Killed from afar by Natasha

Illustrated notes

Levels and vault maps discovered:
D:1:      scummos_arrival_hexagon, layout_loops_ring,
          dreamdust_ecumenical_altar_angels_and_demons, minmay_tromino_v4_c
D:2:      minmay_door_path, layout_basic, uniq_natasha

Skill      XL: |  1  2  3  4 |
---------------+-------------+-----
Fighting       | 4 |  4.1
Armour         | 3 |  3.0
Axes           | |  3.9
Dodging        | |  2.6
Stealth        | |  0.4

Action                   |  1- 3 |  4- 6 || total
-------------------------+-------+-------++-------
Melee: Hand axe          |    73 |     8 ||    81
       Peck              |     6 |     2 ||     8
       Kick              |    20 |     1 ||    21
Invok: Berserk           |     1 |     1 ||     2
 Stab: Sleeping          |     1 |       ||     1
Armor: Animal skin       |    20 |     1 ||    21
Dodge: Dodged            |    35 |     5 ||    40

Table legend: (Time is in decaauts)
 A = Elapsed time spent in this place.
 B = Non-inter-level travel time spent in this place.
 C = Inter-level travel time spent in this place.
 D = Time resting spent in this place.
 E = Time spent auto-exploring this place.
 F = Levels seen in this place.
 G = Mean time per level.
                   A        B        C        D        E       F      G
               +--------+--------+--------+--------+--------+-----+--------+
         Total |   2112 |   2080 |     32 |    272 |   1572 |   2 | 1056.0 |
       Dungeon |   2112 |   2080 |     32 |    272 |   1572 |   2 | 1056.0 |
               +--------+--------+--------+--------+--------+-----+--------+

Top non-repeatable levels by time:
     D:1: 1234 daAuts
     D:2: 878 daAuts
